 Dungeon Crawl Stone Soup version 0.29-a0-359-g541a27f54d (webtiles) character file.

Game seed: 18043786236346347716

2800 Morbidden the Covert (level 9, -4/46 HPs)
             Began as a Vine Stalker Brigand on Apr 27, 2022.
             Slain by a hornet (6 damage)
             ... on level 7 of the Dungeon.
             The game lasted 00:10:35 (6394 turns).

Morbidden the Covert (Vine Stalker Brigand)         Turns: 6394, Time: 00:10:37

Health: -4/46      AC:  7    Str: 13    XL:     9   Next: 71%
Magic:  0/16       EV: 15    Int: 13    God:
Gold:   402        SH:  0    Dex: 19    Spells: 16/16 levels left

rFire   . . .      SeeInvis +   a - +1 dagger (venom)
rCold   . . .      Faith    .   (no shield)
rNeg    . . .      Spirit   +   G - +0 steam dragon scales
rPois   +          Reflect  .   s - +0 helmet
rElec   .          Harm     .   c - +0 cloak
rCorr   .          Rampage  .   (no gloves)
Will    +....                   (no boots)
Stlth   ++++......              (no amulet)
HPRegen 0.95/turn               x - ring of see invisible
MPRegen 0.15/turn               o - ring of poison resistance

@: slowed, very slow
A: fangs 3, regeneration 1, magic shield, antimagic bite, no potion heal 2
a: no special abilities


You were on level 7 of the Dungeon.
You visited 2 branches of the dungeon, and saw 8 of its levels.

You collected 402 gold pieces.

Inventory:

Hand Weapons
 a - a +1 dagger of venom (weapon)
 b - a +2 dagger of flaming
Missiles
 d - 27 poisoned darts
 w - 4 curare-tipped darts
Armour
 c - a +0 cloak (worn)
 s - a +0 helmet (worn)
 G - +0 steam dragon scales (worn)
Jewellery
 j - a ring of protection from fire
 m - a ring of positive energy
 n - a ring of fire
 o - a ring of poison resistance (right hand)
 x - a ring of see invisible (left hand)
Wands
 p - a wand of mindburst (21) (quivered)
 q - a wand of flame (19)
 E - a wand of paralysis (5)
Scrolls
 e - a scroll of noise {unknown}
 g - a scroll of vulnerability {unknown}
 t - 8 scrolls of identify
 v - a scroll of immolation {unknown}
 y - a scroll of enchant armour {unknown}
 C - a scroll of amnesia {unknown}
 H - a scroll of holy word {unknown}
Potions
 f - 3 potions of brilliance {unknown}
 h - 6 potions of heal wounds
 i - 5 potions of curing
 k - 2 potions of haste {unknown}
 l - 2 potions of resistance {unknown}
 r - a potion of attraction {unknown}
 u - a potion of magic {unknown}
 z - a potion of lignification {unknown}
 A - a potion of might
 B - 2 potions of degeneration {unknown}
 D - a potion of invisibility {unknown}
 F - a potion of flight {unknown}


   Skills:
 * Level 4.8 Fighting
 * Level 6.1(6.6) Short Blades
 * Level 3.5(5.3) Long Blades
 + Level 2.5 Throwing
 * Level 5.0 Dodging
 + Level 8.0 Stealth
 * Level 4.1 Spellcasting
 + Level 0.2 Evocations


You had 16 spell levels left.
You didn't know any spells.
Your spell library contained the following spells:

 Spells                   Type           Power      Damage    Failure   Level
 Animate Skeleton         Necr           4%         N/A       21%         1
 Apportation              Tloc           4%         N/A       21%         1
 Summon Small Mammal      Summ           8%         N/A       21%         1
 Corpse Rot               Necr/Air       4%         N/A       30%         2
 Poisonous Vapours        Pois/Air       4%         N/A       30%         2
 Animate Dead             Necr           1%         N/A       90%         4
 Borgnjor's Vile Clutch   Necr/Erth      1%         N/A       99%         5
 Death Channel            Necr           1%         N/A       100%        6


Dungeon Overview and Level Annotations

Branches:
Dungeon (7/15)             Temple (1/1) D:5

Altars:
Ashenzari
Cheibriados
Elyvilon
Gozag
Hepliaklqana
Kikubaaqudgha
Nemelex Xobeh
Qazlal
Ru
Trog
Uskayaw
Xom
Zin
The Shining One

Shops:
D:4 (


Innate Abilities, Weirdness & Mutations

You have razor-sharp teeth.
Your natural rate of healing is unusually fast.
When hurt, damage is shared between your health and your magic reserves.
Your bite disrupts and absorbs the magic of your enemies.
Potions cannot restore your health.


Message History

The two-headed ogre looks as sick as possible!
Your bite misses the two-headed ogre.
The two-headed ogre is lightly wounded.
The hornet stings you but does no damage.
The hound bites you.
* * * LOW HITPOINT WARNING * * *
The scorpion closely misses you.
The two-headed ogre hits you with a +0 giant club!
* * * LOW HITPOINT WARNING * * *
The two-headed ogre closely misses you. The hornet barely misses you.
Unknown command.
Unknown command.
Unknown command.
Unknown command.
Aiming: Paralyse
Press: ? - help, Shift-Dir - straight line, f - two-headed ogre
Aim: a two-headed ogre, wielding two +0 giant clubs (lightly wounded, extremely poisoned, chance to affect: 31%)
The two-headed ogre easily resists.
The hound closely misses you. The scorpion barely misses you.
The hornet stings you.
* * * LOW HITPOINT WARNING * * *
The hound bites you.
* * * LOW HITPOINT WARNING * * *
Unknown command.
Unknown command.
Unknown command.
That's the wrong kind of item! (Use * to select it.) Evoke which item? (* to show all) (? for menu, Esc to quit)
That's the wrong kind of item! (Use * to select it.) Evoke which item? (* to show all) (? for menu, Esc to quit)
Okay, then.
Aiming: Paralyse
Press: ? - help, Shift-Dir - straight line, f/p - two-headed ogre
Aim: a two-headed ogre, wielding two +0 giant clubs (lightly wounded, extremely poisoned, chance to affect: 31%)
The two-headed ogre suddenly stops moving!
The hornet stings you.
* * * LOW HITPOINT WARNING * * *
You feel yourself slow down.
The scorpion stings you but does no damage.
The hound misses you. The hornet stings you!
You die...

............#
#.#..###....###
# #..........##.
. # ######...##.
.# .##
#..##..##.##..
#..#.##S.#h.# #
#..#.##..#.S##.#
#...#..##h##z.#
##.#.##).#@O#
#.#.##..#ys#
#.##..##.##..
#..##. #.# .##
##. ##..#. # #
## ##


You could see a two-headed ogre (paralysed, extremely poisoned), a hornet
(poisoned), a water moccasin, a scorpion, a hound (very poisoned) and a wight.

Vanquished Creatures
  Grinder (D:3)
  Eustachio (D:4)
  A steam dragon (D:6)
  3 sky beasts (D:7)
  A black bear (D:6)
  2 ice beasts
  2 ogres (D:6)
  A centaur (D:6)
  A phantom (D:5)
  A kobold brigand (D:6)
  A necrophage (D:6)
  A bullfrog (D:6)
  3 scorpions
  A gnoll sergeant (D:4)
  4 howler monkeys (D:4)
  2 hounds
  An orc priest (D:4)
  2 gnoll shamans
  An iguana (D:4)
  Ijyb (D:3)
  4 orc wizards
  Robin (D:3)
  30 gnolls
  11 adders
  2 worms
  3 dart slugs
  29 orcs
  13 bats
  7 endoplasms
  2 giant cockroaches
  11 goblins
  7 hobgoblins
  12 jackals
  4 quokkas
  4 ball pythons
  3 frilled lizards (D:1)
  10 kobolds
  5 rats
189 creatures vanquished.

Vanquished Creatures (others)
  A hound (D:6)
  A fungus (D:4)
  4 plants
6 creatures vanquished.

Grand Total: 195 creatures vanquished

Notes
Turn   | Place    | Note
-------+----------+-------------------------------------------
     0 | D:1      | Morbidden the Vine Stalker Brigand began the quest for the
                  | Orb.
     0 | D:1      | Reached XP level 1. HP: 11/11 MP: 2/2
    53 | D:1      | Reached skill level 5 in Stealth
   251 | D:1      | Reached XP level 2. HP: 15/15 MP: 3/3
   858 | D:1      | Reached XP level 3. HP: 18/18 MP: 4/4
  1316 | D:2      | Reached skill level 1 in Dodging
  1688 | D:2      | Gained mutation: Your natural rate of healing is unusually
                  | fast. [Vine Stalker growth]
  1688 | D:2      | Reached XP level 4. HP: 23/23 MP: 5/5
  2038 | D:3      | Noticed Robin
  2059 | D:3      | Killed Robin
  2137 | D:3      | Noticed Ijyb
  2164 | D:3      | Killed Ijyb
  2165 | D:3      | Reached skill level 6 in Stealth
  2165 | D:3      | Reached skill level 1 in Spellcasting
  2165 | D:3      | Reached XP level 5. HP: 21/26 MP: 4/7
  2335 | D:3      | Found an opulent altar of Gozag.
  2336 | D:3      | Found a glowing silver altar of Zin.
  2360 | D:3      | Noticed Grinder
  2381 | D:3      | Killed Grinder
  2382 | D:3      | Reached skill level 1 in Long Blades
  2382 | D:3      | Reached XP level 6. HP: 23/32 MP: 5/9
  2874 | D:4      | Reached XP level 7. HP: 20/35 MP: 4/10
  2971 | D:4      | Noticed Eustachio
  3102 | D:4      | Found Mypa's Weapon Emporium.
  3532 | D:4      | Killed Eustachio
  3533 | D:4      | Reached skill level 7 in Stealth
  3533 | D:4      | Gained mutation: You have razor-sharp teeth. [Vine Stalker
                  | growth]
  3533 | D:4      | Reached XP level 8. HP: 27/40 MP: 7/12
  3658 | D:4      | Found a bloodstained altar of Trog.
  3670 | D:4      | Found a sparkling altar of Nemelex Xobeh.
  4565 | D:5      | Entered Level 5 of the Dungeon
  4599 | D:5      | Found a staircase to the Ecumenical Temple.
  4676 | Temple   | Entered the Ecumenical Temple
  5124 | D:5      | Reached skill level 5 in Short Blades
  5454 | D:6      | Reached XP level 9. HP: 38/45 MP: 15/15
  6377 | D:7      | Reached skill level 5 in Dodging
  6379 | D:7      | Noticed a hornet
  6381 | D:7      | Reached skill level 8 in Stealth
  6386 | D:7      | Noticed a two-headed ogre
  6394 | D:7      | HP: 2/46 [hornet (3)]
  6394 | D:7      | Slain by a hornet

Illustrated notes

Levels and vault maps discovered:
D:1:      saegor_arrival_miasma, layout_loops_corners,
          chequers_serial_rivers_small_3
D:2:      layout_loops_ring
D:3:      layout_loops_cross, grunt_temple_overflow_gold_and_silver, uniq_robin,
          uniq_ijyb, uniq_grinder
D:4:      lemuel_castle_with_subvaults [lemuel_castle_interior_original],
          layout_basic, grunt_temple_overflow_open, serial_shops, shop,
          uniq_eustachio
D:5:      layout_gridville, minmay_temple_entry_statues_fountains
D:6:      cheibrodos_iron_armory, layout_basic, minmay_microvault
D:7:      minmay_the_grid_octo_tiled_squarecenter
          [minmay_the_grid_octo_thin_diamonds, minmay_the_grid_octo_odd_swirl,
          minmay_the_grid_octo_checkerflower, minmay_the_grid_octo_concentric,
          minmay_the_grid_square_5x5_megaprize_open,
          minmay_the_grid_square_5x5_fat_x, minmay_the_grid_square_5x5_comb,
          minmay_the_grid_square_5x5_inner_i,
          minmay_the_grid_square_5x5_moneybag], layout_loops_ring,
          nicolae_overflow_hallway_of_the_gods, minivault_14,
          kennysheep_cross_bottleneck, minmay_shop_damaged,
          dreamdust_mushroom_princess
Temple:   cyrus_temple_forest

Skill      XL: |  1  2  3  4  5  6  7  8  9 |
---------------+----------------------------+-----
Stealth        | 5 6 7 8 |  8.0
Throwing       | 2 |  2.5
Short Blades   | 2 3 4 5 6 |  6.1
Dodging        | 1 3 4 5 |  5.0
Fighting       | 2 3 4 |  4.8
Spellcasting   | 1 2 3 4 |  4.1
Long Blades    | 1 2 3 |  3.5
Evocations     | |  0.2

Action                   |  1- 3 |  4- 6 |  7- 9 || total
-------------------------+-------+-------+-------++-------
Melee: Dagger            |    74 |   118 |   451 ||   643
       Bite              |    15 |    39 |   151 ||   205
       Punch             |     1 |     1 |     7 ||     9
Throw: Dart              |       |    13 |    22 ||    35
Evoke: Wand              |       |       |     9 ||     9
  Use: Scroll            |       |       |     5 ||     5
 Stab: Sleeping          |    11 |     9 |    19 ||    39
       Distracted        |       |       |     2 ||     2
Armor: Robe              |    22 |    22 |    61 ||   105
       Steam dragon scal |       |       |    24 ||    24
Dodge: Dodged            |    42 |    36 |   342 ||   420

Table legend: (Time is in decaauts)
 A = Elapsed time spent in this place.
 B = Non-inter-level travel time spent in this place.
 C = Inter-level travel time spent in this place.
 D = Time resting spent in this place.
 E = Time spent auto-exploring this place.
 F = Levels seen in this place.
 G = Mean time per level.
                   A        B        C        D        E       F      G
               +--------+--------+--------+--------+--------+-----+--------+
         Total |   6272 |   5943 |    329 |    169 |   4365 |   8 |  784.0 |
       Dungeon |   6166 |   5871 |    295 |    169 |   4320 |   7 |  880.9 |
        Temple |    106 |     72 |     34 |      0 |     45 |   1 |  106.0 |
               +--------+--------+--------+--------+--------+-----+--------+

Top non-repeatable levels by time:
     D:4: 1674 daAuts
     D:1: 1174 daAuts
     D:6: 888 daAuts
     D:2: 849 daAuts
     D:3: 791 daAuts
     D:5: 722 daAuts
  Temple: 106 daAuts
     D:7: 63 daAuts
